 Dungeon Crawl Stone Soup version 0.29.0-15-g675c0067aa (webtiles) character file.

Game seed: 6089167614533635233

81 MisterFreud the Sneak (level 4, 0/22 (37) HPs)
             Began as a Formicid Delver on Sept 11, 2022.
             Succumbed to an adder's poison
             ... on level 6 of the Dungeon.
             The game lasted 00:01:46 (316 turns).

MisterFreud the Sneak (Formicid Delver)              Turns: 316, Time: 00:01:47

HP:   0/22 (37)     AC:  3    Str: 19    XL:     4   Next: 68%
MP:   4/4           EV: 12    Int:  9    God:
Gold: 0             SH:  0    Dex: 15    Spells: 3/3 levels left

rFire   . . .      SeeInvis +   a - +0 mace
rCold   . . .      Faith    .   (no shield)
rNeg    . . .      Spirit   .   b - +0 leather armour
rPois   .          Reflect  .   (helmet unavailable)
rElec   .          Harm     .   (no cloak)
rCorr   .          Rampage  .   (no gloves)
Will    .....                   (no boots)
Stlth   +++.......              (no amulet)
HPRegen 0.07/turn               (no ring)
MPRegen 0.09/turn               (no ring)

@: lethally poisoned (0 -> -3), very heavily drained
A: permanent stasis, dig shafts and tunnels, antennae 3, four strong arms
a: Dig, Shaft Self


You were on level 6 of the Dungeon.
You visited 1 branch of the dungeon, and saw 2 of its levels.

Inventory:

Hand Weapons
 a - a +0 mace (weapon)
Armour
 b - a +0 leather armour (worn)
Wands
 f - a wand of digging (3)
Scrolls
 c - a scroll of fog
 d - a scroll of magic mapping
 g - a scroll of identify {unknown}
 h - a scroll of butterflies {unknown}


   Skills:
 - Level 3.6 Fighting
 + Level 3.7 Maces & Flails
 - Level 2.2 Dodging
 - Level 6.3 Stealth


You had 3 spell levels left.
You didn't know any spells.
Your spell library was empty.

Dungeon Overview and Level Annotations

Branches:
Dungeon (6/15)             Temple (0/1) D:6

Altars:
Trog

Annotations:
D:5 Blork the orc


Innate Abilities, Weirdness & Mutations

You cannot be hasted, slowed, berserked, paralysed or teleported.
You can dig through walls and to a lower floor.
You have a pair of large antennae on your head. (SInv)
Your four strong arms can wield two-handed weapons with a shield.


Message History

A hound comes into view.
An adder comes into view.
Found a stone staircase leading down.
Blork the orc miscasts a cantrip.
Blork the orc mumbles some strange words.
Blork the orc seems to speed up.
The adder hisses angrily.
The adder closely misses you.
There is a stone staircase leading down here.
The adder closely misses you.
You climb downwards.
The ogre shouts!
You hear an angry growl.
There is a stone staircase leading up here.
A wight comes into view. It is wielding a +0 great sword.
The adder barely misses you. The adder bites you but does no damage.
The adder barely misses you. The ogre attacks as you move away!
The ogre misses you. The adder attacks as you move away!
The adder barely misses you.
A black bear comes into view.
Found 12 gold pieces.
The adder barely misses you.
Found a staircase to the Ecumenical Temple.
The adder attacks as you move away! The adder bites you but does no damage.
The adder closely misses you. The adder attacks as you move away!
The adder bites you.
* * * LOW HITPOINT WARNING * * *
The adder attacks as you move away! The adder bites you but does no damage.
The adder attacks as you move away! The adder misses you. The adder bites you.
* * * LOW HITPOINT WARNING * * *
You are lethally poisoned!
The adder poisons you!
* * * LOW HITPOINT WARNING * * *
You feel sick.
You aren't carrying any potions.
Are you sure you want to shaft yourself?
Okay, then.
Are you sure you want to shaft yourself?
* * * LOW HITPOINT WARNING * * *
You feel sick. The adder barely misses you.
You begin to dig a shaft.
You continue digging a shaft.
You die...

.#... { ... #.#
#h## ♣ #.z##..♣
############{{.z.♣
..........#.###.♣
##.####.#.##$..#.#
♣
.......@Sz.zO....#
##..###.....###..#
#~~~~~~~~~#.....
#~#.....#~#...###
..~.......~.....#
#..~.......~....##
#..~...>...~...##
#..~.......~...#


You could see an ogre, 2 wights and an adder.

Vanquished Creatures
  2 hounds (D:5)
  An iguana (D:5)
3 creatures vanquished.

Notes
Turn   | Place    | Note
-------+----------+-------------------------------------------
     0 | D:5      | MisterFreud the Formicid Delver began the quest for the
                  | Orb.
     0 | D:5      | Reached XP level 1. HP: 18/18 MP: 1/1
    32 | D:5      | Noticed a hound
    47 | D:5      | Killed a hound
    48 | D:5      | Reached XP level 2. HP: 16/25 MP: 2/2
    48 | D:5      | Reached XP level 3. HP: 20/30 MP: 3/3
   183 | D:5      | Found a bloodstained altar of Trog.
   192 | D:5      | Reached XP level 4. HP: 31/37 MP: 4/4
   249 | D:5      | Noticed a bullfrog
   267 | D:5      | Noticed Blork the orc
   301 | D:6      | Noticed an ogre
   301 | D:6      | Noticed a wight
   302 | D:6      | Noticed a wight
   304 | D:6      | Noticed a black bear
   309 | D:6      | Found a staircase to the Ecumenical Temple.
   315 | D:6      | HP: 1/22 [poisoned by an adder]
   316 | D:6      | Succumbed to an adder's poison

Illustrated notes

Levels and vault maps discovered:
D:5:      layout_loops_corners, mainiacjoe_overflow_boulevard, uniq_eustachio,
          uniq_blork_the_orc, uniq_sigmund
D:6:      layout_loops_corners, mainiacjoe_overflow_big_doors,
          mainiacjoe_overflow_catch_the_wave, minmay_temple_entry_water_ring,
          minmay_misc_feat_secret_circle, minmay_hedge_maze, uniq_maggie,
          uniq_grinder

Skill      XL: |  1  2  3 |
---------------+----------+-----
Dodging        | 2 |  2.2
Maces & Flails | 3 |  3.7
Fighting       | |  3.6
Stealth        | |  6.3

Action                   |  1- 3 |  4- 6 || total
-------------------------+-------+-------++-------
Melee: Mace              |    12 |    14 ||    26
 Abil: Dig               |       |     1 ||     1
       Shaft Self        |       |     1 ||     1
  Use: Scroll            |       |     1 ||     1
 Stab: Sleeping          |     1 |       ||     1
Armor: Leather armour    |     4 |     3 ||     7
Dodge: Dodged            |    11 |    27 ||    38
